 Dungeon Crawl Stone Soup version 0.17.1-1-g73c8601 (webtiles) character file.

2216 Implojin the Grappler (level 9, -21/80 HPs)
             Began as a Troll Fighter on Mar 31, 2016.
             Was a Follower of Cheibriados.
             Demolished by a cyclops (30 damage)
             ... on level 11 of the Dungeon.
             The game lasted 00:12:07 (1988 turns).

Implojin the Grappler (Troll Fighter)               Turns: 1988, Time: 00:12:07

Health: -21/80     AC:  5    Str: 28    XL:     9   Next: 13%
Magic:  8/8        EV:  8    Int:  6    God:    Cheibriados [*.....]
Gold:   71         SH:  9    Dex: 14    Spells: 0 memorised, 8 levels left

rFire  . . .     SeeInvis .       - Unarmed
rCold  . . .     Clarity  .     a - +0 robe
rNeg   . . .     SustAt   .     b - +0 shield
rPois  .         Gourm    +     (helmet restricted)
rElec  .         Spirit   .     (no cloak)
rCorr  .         Warding  .     (gloves unavailable)
rMut   .         Stasis   .     (boots unavailable)
MR     .....                    (no amulet)
Stlth  ++........               (no ring)
                                u - ring of stealth

@: very slow, not resistant to hostile enchantments, unstealthy
A: unfitting armour, claws 3, fast metabolism 3, gourmand, regeneration 2,
shaggy fur 1, tough skin 2
a: Bend Time, Renounce Religion


You were on level 11 of the Dungeon.
You worshipped Cheibriados.
Cheibriados was aware of your devotion.
You were very full.

You visited 2 branches of the dungeon, and saw 12 of its levels.
You also visited: Sewer.

You collected 71 gold pieces.

Inventory:

Hand Weapons
 p - a cursed -1 blowgun
Missiles
 i - 6 tomahawks (quivered)
Armour
 a - a +0 robe (worn)
 b - a +0 shield (worn)
Jewellery
 u - a ring of stealth (left claw)
Wands
 o - a wand of teleportation (4)
Scrolls
 f - a scroll of noise
 g - 2 scrolls of teleportation
 s - a scroll of fear {unknown}
 v - a scroll of enchant armour {unknown}
Potions
 c - a potion of might
 e - a potion of cancellation {unknown}
 h - 2 potions of agility {unknown}
 j - a potion of lignification {unknown}
 k - a potion of invisibility {unknown}
 m - 9 potions of curing
 n - 5 potions of heal wounds
 q - a potion of brilliance {unknown}
 t - a potion of magic {unknown}
Books
 r - a book of Flames

   Spells                             Type                      Level
   a - Flame Tongue                   Conjuration/Fire             1
   b - Throw Flame                    Conjuration/Fire             2
   c - Conjure Flame                  Conjuration/Fire             3
   d - Inner Flame                    Hexes/Fire                   3
   e - Sticky Flame                   Conjuration/Fire             4
   f - Fireball                       Conjuration/Fire             5
Comestibles
 d - 5 bread rations
 l - 2 meat rations


   Skills:
 - Level 2.4 Fighting
 - Level 2.4 Dodging
 - Level 2.4 Shields
 * Level 12.0 Unarmed Combat


You had 8 spell levels left.
You didn't know any spells.

Dungeon Overview and Level Annotations

Branches:
Dungeon (11/15)            Temple (1/1) D:6
   Lair: D:8-11         Orc: D:9-12

Altars:
Ashenzari
Cheibriados
Dithmenos
Elyvilon
Fedhas
Gozag
Kikubaaqudgha
Makhleb
Nemelex Xobeh
Ru
Sif Muna
Trog
Vehumet
Xom
Yredelemnul
Zin
The Shining One


Innate Abilities, Weirdness & Mutations

You are too large for most types of armour.
You have claws for hands.
Your metabolism is lightning-fast.
You like to eat raw meat.
You heal very quickly.
You are covered in fur (AC +1).
You have very tough skin (AC +2).


Message History

You see here a throwing net.
An orc comes into view.
The orc shouts!
Found a stone staircase leading down.
You open the door. The orc hits you but does no damage.
There is an open door here.
You closely miss the orc. The orc hits you but does no damage.
Your shield prevents you from hitting the orc.
You mangle the hill giant!!
The hill giant is heavily wounded.
You mangle the hill giant!!
The hill giant is almost dead.
You block the hill giant's attack.
You claw the hill giant!
You kill the hill giant!
Cheibriados appreciates the change of pace.
Your Unarmed Combat skill increases to level 12!
You have reached level 9!
Your experience leads to an increase in your attributes!
Your base attributes are Str 25, Int 4, Dex 11.
Increase (S)trength, (I)ntelligence, or (D)exterity?
You feel agile.
You feel stronger.
You closely miss the orc. You block the orc's attack.
You eviscerate the orc!!!
You kill the orc!
Cheibriados appreciates the change of pace.
The cyclops throws a large rock.
The large rock hits you!!!
Ouch! That really hurt!
* * * LOW HITPOINT WARNING * * *
All of the chunks of flesh in your inventory have rotted away.
The cyclops hits you!!
* * * LOW HITPOINT WARNING * * *
There is an open door, spattered with blood here.
You see here a large rock.
You scratch the cyclops.
The cyclops is lightly wounded.
You mangle the cyclops!!
The cyclops is heavily wounded.
The cyclops hits you!!
You die...

#....................
#.........(..<.......
#...........C........
#.......#####.......Y
#.......#...#..<.....
#.......#...+......C.
#######.#...#........
#)#...#........
#C@...#.####+##
#.#...#.# ...#...#
.....##### ##.....
#..>.. #..... #....


You could see a cyclops.

Vanquished Creatures
  A hill giant (D:11)
  A troll (D:7)
  Eustachio (D:4)
  Edmund (D:6)
  An ice beast (D:6)
  An ogre (D:5)
  A sky beast (D:7)
  A centaur (D:7)
  2 phantoms
  A big kobold (Sewer)
  A gnoll sergeant (D:9)
  A wyvern zombie (D:6)
  A scorpion (D:6)
  A crimson imp (D:7)
  2 hounds (D:6)
  An orc wizard (D:6)
  A giant frog skeleton (D:4)
  An orc priest (D:6)
  Ijyb (D:3)
  2 worker ants
  2 killer bee zombies
  2 hound skeletons
  7 gnolls
  6 adders
  5 river rats (Sewer)
  An adder zombie (D:6)
  An adder skeleton (D:7)
  A worm (D:2)
  5 giant geckos (D:3)
  6 orcs
  7 giant cockroaches
  5 hobgoblins
  16 kobolds
  2 quokkas
  5 ball pythons (Sewer)
  5 bats
  3 giant newts
  3 goblins
  A quokka skeleton (D:8)
  24 rats
130 creatures vanquished.

Notes
Turn   | Place    | Note
--------------------------------------------------------------
     0 | D:1      | Implojin the Troll Fighter began the quest for the Orb.
     0 | D:1      | Reached XP level 1. HP: 22/22 MP: 0/0
   151 | D:1      | Reached skill level 3 in Unarmed Combat
   151 | D:1      | Reached XP level 2. HP: 22/29 MP: 1/1
   181 | D:2      | Found a shadowy altar of Dithmenos.
   183 | D:2      | Found a shimmering altar of Xom.
   202 | D:2      | Reached XP level 3. HP: 29/36 MP: 2/2
   218 | D:2      | Found a white marble altar of Elyvilon.
   395 | D:3      | Reached skill level 4 in Unarmed Combat
   483 | D:3      | Reached XP level 4. HP: 35/44 MP: 3/3
   492 | D:3      | Found a glowing drain.
   508 | Sewer    | Entered a sewer
   557 | Sewer    | Noticed a big kobold
   577 | Sewer    | Killed a big kobold
   577 | Sewer    | Reached skill level 5 in Unarmed Combat
   577 | Sewer    | Reached XP level 5. HP: 35/50 MP: 4/4
   730 | Sewer    | Reached skill level 6 in Unarmed Combat
   936 | D:3      | Noticed Ijyb
   944 | D:3      | Killed Ijyb
   944 | D:3      | Reached XP level 6. HP: 59/59 MP: 5/5
   972 | D:5      | Entered Level 5 of the Dungeon
   984 | D:5      | Found a basalt altar of Yredelemnul.
  1011 | D:5      | Reached skill level 7 in Unarmed Combat
  1083 | D:4      | Noticed Eustachio
  1130 | D:4      | Killed Eustachio
  1130 | D:4      | Reached XP level 7. HP: 53/66 MP: 6/6
  1204 | D:6      | Reached skill level 8 in Unarmed Combat
  1212 | D:6      | Found a sacrificial altar of Ru.
  1299 | D:6      | Noticed Edmund
  1326 | D:6      | Found a bloodstained altar of Trog.
  1352 | D:6      | Reached skill level 9 in Unarmed Combat
  1357 | D:6      | Found a staircase to the Ecumenical Temple.
  1366 | Temple   | Entered the Ecumenical Temple
  1510 | Temple   | Became a worshipper of Cheibriados the Contemplative
  1555 | D:6      | Killed Edmund
  1557 | D:6      | Reached XP level 8. HP: 41/74 MP: 7/7
  1619 | D:7      | Noticed a troll
  1629 | D:7      | Killed a troll
  1629 | D:7      | Reached skill level 10 in Unarmed Combat
  1791 | D:9      | Reached * piety under Cheibriados
  1808 | D:9      | Reached skill level 11 in Unarmed Combat
  1889 | D:10     | Entered Level 10 of the Dungeon
  1961 | D:11     | Noticed a hill giant
  1961 | D:11     | Noticed a cyclops
  1978 | D:11     | Killed a hill giant
  1978 | D:11     | Reached skill level 12 in Unarmed Combat
  1978 | D:11     | Reached XP level 9. HP: 80/80 MP: 8/8
  1988 | D:11     | Demolished by a cyclops

Action                   |  1- 3 |  4- 6 |  7- 9 || total
-------------------------+-------+-------+-------++-------
Melee: Unarmed           |    88 |   202 |   143 ||   433
  Use: Scroll            |     2 |     5 |     3 ||    10
       Potion            |       |       |     1 ||     1
 Stab: Sleeping          |     1 |       |     2 ||     3
  Eat: Chunk             |     7 |     5 |    11 ||    23

Table legend:
 A = Turns spent in this place as a percentage of turns spent in the entire game.
 B = Non-inter-level travel turns spent in this place as a percentage of non-inter-level travel turns spent in the entire game.
 C = Inter-level travel turns spent in this place as a percentage of turns spent in this place.
 D = Turns resting spent in this place as a percentage of non-inter-level travel turns spent in this place.
 E = Turns spent auto-exploring this place as a percentage of non-inter-level travel turns spent in this place.
 F = Non-inter-level travel turns spent in this place divided by the number of levels of this place that you've seen.
                   A       B       C       D       E      F
               +-------+-------+-------+-------+-------+----------------------
         Total | 100.0 | 100.0 |   0.0 |   0.0 |   0.0 | 148.9
       Dungeon |  70.7 |  70.7 |   0.0 |   0.0 |   0.0 | 124.4
        Temple |   9.4 |   9.4 |   0.0 |   0.0 |   0.0 | 182.0
         Sewer |  19.9 |  19.9 |   0.0 |   0.0 |   0.0 | 386.0
               +-------+-------+-------+-------+-------+----------------------

Table legend:
 A = Kills in this place as a percentage of kills in entire the game.
 B = Kills by you in this place as a percentage of kills by you in the entire game.
 C = Kills by friends in this place as a percentage of kills by friends in the entire game.
 D = Other kills in this place as a percentage of other kills in the entire game.
 E = Experience gained in this place as a percentage of experience gained in the entire game.
 F = Experience gained in this place divided by the number of levels of this place that you have seen.
                   A       B       C       D       E      F
               +-------+-------+-------+-------+-------+----------------------
         Total | 100.0 | 100.0 |  -nan |  -nan | 100.0 | 243.5
       Dungeon |  63.1 |  63.1 |  -nan |  -nan |  91.8 | 264.1
         Sewer |  36.9 |  36.9 |  -nan |  -nan |   8.2 | 261.0
               +-------+-------+-------+-------+-------+----------------------
